 Dungeon Crawl Stone Soup version 0.29-a0-876-gfc89b1a5bd (webtiles) character file.

Game seed: 9952686392545458675

42 greasedhog the Cudgeller (level 3, -2/23 HPs)
             Began as a Gargoyle Monk on July 19, 2022.
             Slain by Natasha (8 damage)
             ... on level 2 of the Dungeon.
             The game lasted 00:02:15 (2007 turns).

greasedhog the Cudgeller (Gargoyle Monk)            Turns: 2007, Time: 00:02:15

Health: -2/23      AC:  6    Str: 14    XL:     3   Next: 56%
Magic:  3/3        EV: 12    Int: 10    God:
Gold:   18         SH:  0    Dex: 14    Spells: 2/2 levels left

rFire   . . .      SeeInvis .   a - +0 mace
rCold   . . .      Faith    .   (no shield)
rNeg    + . .      Spirit   .   b - +0 robe
rPois   ∞          Reflect  .   (no helmet)
rElec   +          Harm     .   (no cloak)
rCorr   .          Rampage  .   (no gloves)
Will    .....                   i - +0 pair of boots
Stlth   ++........              (no amulet)
HPRegen 0.07/turn               (no ring)
MPRegen 0.08/turn               (no ring)

@: slowed, very slow
A: sickness immunity, AC +3, negative energy resistance 1, electricity
resistance, torment resistance 1, petrification resistance
a: no special abilities


You were on level 2 of the Dungeon.
You visited 1 branch of the dungeon, and saw 2 of its levels.

You collected 18 gold pieces.

Inventory:

Hand Weapons
 a - a +0 mace (weapon)
Missiles
 g - 2 datura-tipped darts (quivered)
 h - 3 boomerangs
Armour
 b - a +0 robe (worn)
 i - a +0 pair of boots (worn)
Jewellery
 e - a +6 ring of strength
Scrolls
 d - a scroll of fear
 j - a scroll of amnesia
Potions
 c - a potion of ambrosia
 f - a potion of might {unknown}


   Skills:
 - Level 3.2 Fighting
 * Level 4.5 Maces & Flails
 - Level 2.4 Dodging
 - Level 2.1 Stealth


You had 2 spell levels left.
You didn't know any spells.
Your spell library contained the following spells:

 Spells                   Type           Power      Damage    Failure   Level
 Sandblast                Erth           0%         2d4       36%         1
 Passwall                 Tmut/Erth      0%         N/A       50%         2
 Stone Arrow              Conj/Erth      0%         3d7       75%         3


Dungeon Overview and Level Annotations

Branches:
Dungeon (2/15)

Altars:

Annotations:
D:2 Natasha


Innate Abilities, Weirdness & Mutations

You are immune to sickness and miasma.
Your stone body is resilient. (AC +3)
You are immune to poison.
You resist negative energy. (rN+)
You are resistant to electric shocks. (rElec)
You are resistant to unholy torment.
You are immune to petrification.


Message History

You now have 18 gold pieces (gained 10).
Things that are here:
a +0 club; a goblin corpse A kobold comes into view.
It is wielding a +0 dagger.
The kobold shouts!
Found 4 datura-tipped darts.
The kobold hits you but does no damage.
You closely miss the kobold. The kobold hits you but does no damage.
You barely miss the kobold. The kobold hits you but does no damage.
You hit the kobold.
You kill the kobold!
Things that are here:
a +0 dagger; a kobold corpse You see here 4 datura-tipped darts.
g - 4 datura-tipped darts
Things that are here:
a +0 dagger; a kobold corpse Natasha, Servant of Life and Death comes into view.
Natasha hisses angrily.
Natasha casts a spell at you. The magic dart hits you.
Natasha stares at you and mumbles some strange words.
You feel yourself slow down.
Throw: 4 darts (datura)
Press: ? - help, Q - select action, (/) - cycle Shift-Dir - straight line, f - Natasha
Aim: Natasha (51% to hit, chance to frenzy on hit: 80%)
You throw a datura-tipped dart. The datura-tipped dart misses Natasha.
Throw: 3 darts (datura)
Press: ? - help, Q - select action, (/) - cycle Shift-Dir - straight line, f/p - Natasha
Aim: Natasha (51% to hit, chance to frenzy on hit: 80%)
You throw a datura-tipped dart. The datura-tipped dart hits Natasha.
Natasha flies into a frenzy!
You miss Natasha. Natasha closely misses you. Natasha barely misses you.
You closely miss Natasha. Natasha claws you. x3
You sock Natasha!
Natasha is heavily wounded.
Natasha claws you.
* * * LOW HITPOINT WARNING * * *
Natasha claws you!
You die...

#....###.....
####............
#..#.#.#..#<#.##
#.>.............
#..###....#.#.##
#..########.#.#
#.).........#.#
#########..##########.#
(..(..h@..............#
#########............
#.###.######.
#.###.####
####.#......#
#....#.)....#
#.##^#......#
#.####......#
#...........#


You could see the neutral Natasha (fast, strong, insane).

Vanquished Creatures
  A dart slug (D:1)
  3 ball pythons (D:1)
  3 bats (D:1)
  4 endoplasms (D:1)
  2 giant cockroaches (D:1)
  4 goblins
  4 hobgoblins (D:1)
  2 quokkas (D:1)
  4 frilled lizards (D:1)
  6 kobolds
  3 rats (D:1)
36 creatures vanquished.

Vanquished Creatures (others)
  3 fungi (D:2)
  4 plants (D:2)
7 creatures vanquished.

Grand Total: 43 creatures vanquished

Notes
Turn   | Place    | Note
-------+----------+-------------------------------------------
     0 | D:1      | greasedhog the Gargoyle Monk began the quest for the Orb.
     0 | D:1      | Reached XP level 1. HP: 14/14 MP: 1/1
   416 | D:1      | Reached XP level 2. HP: 18/19 MP: 2/2
   721 | D:1      | Reached skill level 4 in Maces & Flails
   920 | D:1      | Reached XP level 3. HP: 22/23 MP: 3/3
  1029 | D:1      | HP: 1/23 [kobold/+0 short sword (4)]
  2001 | D:2      | Noticed Natasha
  2007 | D:2      | Slain by Natasha

Illustrated notes

Levels and vault maps discovered:
D:1:      shiori_shiawase, layout_loops_cross, serial_co_window_serial,
          co_window_corner_a, co_window_corner_a, co_window_cross_1,
          co_window_paths_a, co_window_corner_a, co_window_paths_b,
          co_window_of_opportunity_a, co_window_cross_3, co_window_corner_b,
          co_window_corner_cb, co_window_paths_c, co_window_4corner_b,
          glass_columns_b, glass_columns_c
D:2:      layout_basic, dreamdust_ecumenical_altar_hidden_monk_grotto,
          uniq_natasha, uniq_jessica

Skill      XL: |  1  2 |
---------------+-------+-----
Maces & Flails | 4 |  4.5
Fighting       | |  3.2
Dodging        | |  2.4
Stealth        | |  2.1

Action                   || total
-------------------------++-------
Melee: Mace              ||   113
       Punch             ||     1
Throw: Dart              ||     2
  Use: Scroll            ||     2
 Stab: Sleeping          ||     4
Armor: Robe              ||    37
Dodge: Dodged            ||    74

Table legend: (Time is in decaauts)
 A = Elapsed time spent in this place.
 B = Non-inter-level travel time spent in this place.
 C = Inter-level travel time spent in this place.
 D = Time resting spent in this place.
 E = Time spent auto-exploring this place.
 F = Levels seen in this place.
 G = Mean time per level.
                   A        B        C        D        E       F      G
               +--------+--------+--------+--------+--------+-----+--------+
         Total |   2032 |   1989 |     43 |    583 |   1064 |   2 | 1016.0 |
       Dungeon |   2032 |   1989 |     43 |    583 |   1064 |   2 | 1016.0 |
               +--------+--------+--------+--------+--------+-----+--------+

Top non-repeatable levels by time:
     D:1: 1966 daAuts
     D:2: 66 daAuts
